 Dungeon Crawl Stone Soup version 0.19.5 (webtiles) character file.

642 Chifra the Skirmisher (level 7, -1/55 HPs)
             Began as a Demonspawn Fighter on May 12, 2017.
             Killed by divine providence
             ... invoked by an orc priest
              (8 damage)
             ... on level 4 of the Dungeon.
             The game lasted 00:11:29 (3590 turns).

Chifra the Skirmisher (Demonspawn Fighter)          Turns: 3590, Time: 00:11:30

Health: -1/55      AC: 10    Str: 16    XL:     7   Next: 26%
Magic:  0/7        EV:  7    Int: 11    God:
Gold:   167        SH: 11    Dex: 13    Spells: 0 memorised, 6 levels left

rFire  . . .     SeeInvis .     x - +5 club
rCold  . . .     Gourm    .     b - +0 scale mail
rNeg   . . .     Faith    .     i - +2 shield
rPois  .         Spirit   +     d - +0 helmet
rElec  .         Reflect  .     (no cloak)
rCorr  .         Harm     .     (no gloves)
MR     .....                    (no boots)
Stlth  ..........               (no amulet)
                                (no ring)
                                (no ring)

@: no status effects
A: hooves 1, yellow scales 1, magic shield
a: no special abilities


You were on level 4 of the Dungeon.
You were not hungry.

You visited 1 branch of the dungeon, and saw 4 of its levels.

You collected 167 gold pieces.

Inventory:

Hand Weapons
 a - a +0 flail
 e - a cursed -3 short sword
 s - a +2 short sword of venom
 x - a +5 club (weapon)
Armour
 b - a +0 scale mail (worn)
 d - a +0 helmet (worn)
 i - a +2 shield (worn)
Jewellery
 y - an uncursed amulet of faith
Scrolls
 c - 3 scrolls of remove curse {unknown}
 h - 5 scrolls of identify
 l - a scroll of fear {unknown}
 m - 3 scrolls of teleportation {unknown}
 n - a scroll of amnesia {unknown}
 o - a scroll of blinking {unknown}
 q - a scroll of recharging {unknown}
 t - a scroll of fog {unknown}
 v - 2 scrolls of noise {unknown}
Potions
 g - a potion of mutation {unknown}
 j - a potion of agility {unknown}
 k - a potion of degeneration {unknown}
 p - a potion of lignification {unknown}
 r - 2 potions of curing {unknown}
Comestibles
 f - a bread ration
 u - 2 meat rations
 w - a beef jerky


   Skills:
 + Level 4.8 Fighting
 + Level 3.8 Maces & Flails
 + Level 4.5 Armour
 - Level 1.0 Dodging
 + Level 4.4 Shields


You had 6 spell levels left.
You didn't know any spells.

Dungeon Overview and Level Annotations

Branches:
Dungeon (4/15)
 Temple: D:4-7

Altars:
Vehumet
The Shining One


Innate Abilities, Weirdness & Mutations

You have large cloven feet.
You are partially covered in yellow scales. (AC +2)
When hurt, damage is shared between your health and your magic reserves.


Message History

You hit the ogre.
The ogre is severely wounded.
You feel sick.
You are no longer poisoned.
The teleport trap disappears.
The orc disappears!
The ogre hits you with a giant club! You block the ogre's attack.
The orc priest calls down the wrath of Beogh upon you.
Beogh smites you!
* * * LOW HITPOINT WARNING * * *
Unknown command.
Okay, then.
Okay, then.
The orc priest miscasts a cantrip.
The orc priest calls down the wrath of Beogh upon you.
Pain shoots through your body!
* * * LOW HITPOINT WARNING * * *
The orc priest mumbles some strange prayers to Beogh against you.
Beogh smites you!
You die...

##......### #.....## ####
#..o......## ##....#
##..##### #..o.##.o...##
##..## ##........ #....#
#..o...#######
##......... #...#
##.......## #..........
...# #........###
##.......... ..#
##.....(...###...........
..
##.........#...........#
#..#O.@...............#
##.###...............##
#.. ##.............##
##.# ###..........## # ..
###.......#####
##........##.
##.......... ###........
##.......


You could see an ogre, an orc priest and an orc.

Vanquished Creatures
  Grinder (D:3)
  Sigmund (D:3)
  A hound (D:4)
  Jessica (D:3)
  A bullfrog skeleton (D:4)
  An iguana (D:4)
  2 worker ants (D:4)
  Robin (D:3)
  4 adders
  A worm (D:2)
  A dart slug (D:2)
  A leopard gecko (D:1)
  3 giant cockroaches
  17 goblins
  14 hobgoblins
  2 quokkas (D:2)
  8 bats
  2 frilled lizards (D:3)
  8 kobolds
  A quokka skeleton (D:4)
  6 rats
77 creatures vanquished.

Notes
Turn   | Place    | Note
-------+----------+-------------------------------------------
     0 | D:1      | Chifra the Demonspawn Fighter began the quest for the Orb.
     0 | D:1      | Reached XP level 1. HP: 18/18 MP: 1/1
   138 | D:1      | Gained mutation: You have large cloven feet. [demonic ancestry]
   138 | D:1      | Reached XP level 2. HP: 22/24 MP: 2/2
  1025 | D:2      | Reached XP level 3. HP: 28/29 MP: 3/3
  1726 | D:2      | Reached skill level 1 in Dodging
  2008 | D:2      | Found a glowing golden altar of the Shining One.
  2166 | D:2      | Gained mutation: When hurt, damage is shared between your health and your magic reserves. [demonic ancestry]
  2166 | D:2      | Reached XP level 4. HP: 35/35 MP: 4/4
  2384 | D:3      | Noticed Sigmund
  2396 | D:3      | Killed Sigmund
  2396 | D:3      | Gained mutation: You are partially covered in yellow scales. (AC +2) [demonic ancestry]
  2396 | D:3      | Reached XP level 5. HP: 38/42 MP: 5/5
  2413 | D:3      | Noticed Grinder
  2422 | D:3      | Killed Grinder
  2422 | D:3      | Reached XP level 6. HP: 47/49 MP: 6/6
  2435 | D:3      | Found a radiant altar of Vehumet.
  2554 | D:3      | Noticed Robin
  2571 | D:3      | Killed Robin
  3228 | D:3      | Noticed Jessica
  3240 | D:3      | Killed Jessica
  3381 | D:4      | Reached XP level 7. HP: 55/55 MP: 7/7
  3590 | D:4      | Killed from afar by an orc priest

Skill      XL: |  1  2  3  4  5  6 |
---------------+-------------------+-----
Maces & Flails | 2 3 |  3.8
Armour         | 3 4 |  4.5
Dodging        | 1 |  1.0
Shields        | 3 4 |  4.4
Fighting       | 4 |  4.8

Action                   |  1- 3 |  4- 6 |  7- 9 || total
-------------------------+-------+-------+-------++-------
Melee: Flail             |   130 |   107 |       ||   237
       Kick              |    22 |    22 |     9 ||    53
       Club              |       |     5 |    36 ||    41
  Use: Potion            |       |     2 |       ||     2
       Scroll            |       |       |     1 ||     1
  Eat: Chunk             |     3 |       |     1 ||     4
       Meat ration       |       |     1 |       ||     1
Armor: Scale mail        |    63 |    81 |    13 ||   157
Dodge: Dodged            |    60 |    46 |    11 ||   117
Block: Shield            |   108 |   119 |    17 ||   244
